 Dungeon Crawl Stone Soup version 0.17.0-28-g6e173f8 (webtiles) character file.

170 TruthSerum the Skirmisher (level 5, -1/58 HPs)
             Began as an Ogre Berserker on Nov 22, 2015.
             Was a Believer of Trog.
             Slain by a goblin
             ... wielding a +0 dagger
              (2 damage)
             ... on level 3 of the Dungeon.
             The game lasted 00:10:20 (1424 turns).

TruthSerum the Skirmisher (Ogre Berserker)          Turns: 1424, Time: 00:10:20

Health: -1/58      AC:  3    Str: 22    XL:     5   Next: 50%
Magic:  5/5        EV: 10    Int:  6    God:    Trog [**....]
Gold:   81         SH:  0    Dex: 10    Spells: 0 memorised, 4 levels left

rFire  . . .     SeeInvis .     u - +0 flail
rCold  . . .     Clarity  .     b - +0 animal skin
rNeg   . . .     SustAt   .     (no shield)
rPois  .         Gourm    .     (helmet restricted)
rElec  .         Spirit   .     (no cloak)
rCorr  .         Warding  .     (gloves unavailable)
rMut   .         Stasis   .     (boots unavailable)
MR     .....                    (no amulet)
Stlth  +.........               (no ring)
                                (no ring)

@: exhausted, slowed, very slow, not resistant to hostile enchantments, very
unstealthy
A: unfitting armour, tough skin 1
a: Berserk, Trog's Hand, Burn Spellbooks, Renounce Religion


You were on level 3 of the Dungeon.
You worshipped Trog.
Trog was pleased with you.
You were hungry.

You visited 1 branch of the dungeon, and saw 3 of its levels.

You collected 81 gold pieces.

Inventory:

Hand Weapons
 u - a +0 flail (weapon)
Missiles
 r - 3 large rocks (quivered)
Armour
 b - a +0 animal skin (worn)
Scrolls
 d - a scroll of teleportation {unknown}
 e - a scroll of enchant weapon {unknown}
 j - 2 scrolls of identify {unknown}
 p - a scroll of random uselessness {unknown}
 q - a scroll of enchant armour {unknown}
 t - a scroll of amnesia {unknown}
Potions
 f - a potion of haste {unknown}
 g - a potion of flight {unknown}
 h - a potion of cure mutation {unknown}
 m - a potion of cancellation {unknown}
 n - a potion of magic {unknown}
 o - 2 potions of curing {unknown}
Comestibles
 c - 2 bread rations
 i - 11 chunks of flesh
 k - a royal jelly
 l - a beef jerky
 s - a slice of pizza


   Skills:
 + Level 5.6 Fighting
 + Level 5.2 Maces & Flails
 + Level 1.6 Throwing
 + Level 3.6 Dodging


You had 4 spell levels left.
You didn't know any spells.

Dungeon Overview and Level Annotations

Branches:
Dungeon (3/15)

Altars:
Elyvilon
Qazlal


Innate Abilities, Weirdness & Mutations

You are too large for most types of armour.
You have tough skin (AC +1).


Message History

The goblin hits you.
* * * LOW HITPOINT WARNING * * *
The goblin hits you with a club.
* * * LOW HITPOINT WARNING * * *
You closely miss the goblin.
You are no longer berserk.
You are exhausted.
You feel yourself slow down.
You are feeling hungry.
The goblin barely misses you. The goblin closely misses you.
The goblin barely misses you.
You barely miss the goblin. The goblin hits you but does no damage.
The goblin hits you with a club.
* * * LOW HITPOINT WARNING * * *
The goblin barely misses you. x2
The goblin hits you with a dagger.
* * * LOW HITPOINT WARNING * * *
The goblin barely misses you. The goblin hits you but does no damage.
The goblin closely misses you.
You hit the goblin but do no damage. The goblin hits you with a dagger.
You die...

####. ..... #.# #.#.#
#.# #.#.# ###########
#.# #.#.# #..8.8.8.8.
#.# #.#.# #..........
#.###.#.######........([
#.##...........)gg......
#.#..#####.###..@g.....%
.....# #.# #..gg......
.###(### #.# #..8.8.8.8.
##.(.(.###.# ###########
.........### )⌠.....⌠..#
....8.....# ._.###._.##
#### #####


You could see 5 goblins.

Vanquished Creatures
  An orc priest (D:3)
  Ijyb (D:3)
  Jessica (D:3)
  3 adders (D:2)
  An ooze (D:2)
  A worm (D:2)
  2 giant geckos
  3 orcs (D:3)
  4 bats
  4 giant cockroaches
  6 hobgoblins
  7 jackals
  A quokka (D:3)
  2 giant newts
  4 goblins
  2 kobolds
  6 rats
49 creatures vanquished.

Notes
Turn   | Place    | Note
--------------------------------------------------------------
     0 | D:1      | TruthSerum the Ogre Berserker began the quest for the Orb.
     0 | D:1      | Reached XP level 1. HP: 24/24 MP: 1/1
   220 | D:1      | Reached XP level 2. HP: 33/33 MP: 2/2
   668 | D:2      | Reached ** piety under Trog
   677 | D:2      | Reached XP level 3. HP: 20/40 MP: 3/3
   972 | D:2      | Reached skill level 5 in Fighting
  1089 | D:2      | Reached XP level 4. HP: 32/50 MP: 4/4
  1297 | D:3      | Reached skill level 5 in Maces & Flails
  1297 | D:3      | Reached skill level 1 in Throwing
  1370 | D:3      | Found a stormy altar of Qazlal.
  1370 | D:3      | Found a white marble altar of Elyvilon.
  1399 | D:3      | Noticed Jessica
  1400 | D:3      | Noticed Ijyb
  1406 | D:3      | Reached XP level 5. HP: 45/57 MP: 5/5
  1410 | D:3      | Killed Jessica
  1421 | D:3      | Killed Ijyb
  1423 | D:3      | HP: 1/58 [goblin/dagger (2)]
  1424 | D:3      | Slain by a goblin

Action                   |  1- 3 |  4- 6 || total
-------------------------+-------+-------++-------
Melee: Mace              |   105 |    18 ||   123
       Flail             |       |    36 ||    36
Throw: Large rock        |     1 |     3 ||     4
Invok: Berserk           |     2 |     2 ||     4
 Stab: Sleeping          |       |     1 ||     1
  Eat: Chunk             |     3 |     2 ||     5
